Map: Incorporeal LE

Players

ManlyManMeat

  • Race: Zerg Zerg
  • League: Diamond
  • Spawn Location: 11:00

lllIIlllIIII - Winner!

  • Race: Protoss Protoss
  • League: Diamond
  • Spawn Location: 5:00

VOD

Have the link to the VOD?

Description

Time

  • Played on: July 4, 2025, 7:47 a.m.
  • Length: 8:50
Show
View Real Time Build Order
Export as new Build Order

ManlyManMeat Zerg 

Build Orders: Hatch First 

Get SALT Encoding   

  12  0:00  Drone  
  13  0:10  Drone  
  14  0:15  Extractor  
  14  0:16  Drone  
  15  0:24  Overlord  
  15  0:43  Drone  
  15  0:49  Hatchery  
  15  0:51  Drone  
  15  0:52  Drone  
  18  1:04  Drone  
  18  1:15  Drone x2  
  20  1:19  Extractor  
  20  1:21  Spawning Pool  
  17  2:02  Hatchery  
  17  2:08  Overlord  
  16  2:13  Drone  
  16  2:14  Drone x2  
  16  2:15  Drone, Roach Warren  
  19  2:32  Queen  
  21  2:59  Roach x3  
  27  3:06  Spine Crawler  
  26  3:19  Spine Crawler  
  23  3:21  Drone  
  23  3:22  Drone  
  22  3:29  Drone x2  
  24  3:38  Roach  
  23  3:55  Ravager x2  
  23  3:56  Ravager  
  23  3:57  Roach  
  23  3:59  Drone x5  
  30  4:25  Roach x2  
  34  4:37  Roach  
  34  4:38  Overlord x2  
  33  4:42  Drone x3  
  36  4:57  Roach x2  
  36  5:06  Queen, Roach  
  40  5:20  Roach  
  42  5:39  Drone x3, Extractor  
  42  5:41  Drone x2  
  41  5:58  Roach x2  
  46  6:06  Overlord x2  
  44  6:26  Roach x4  
  52  6:40  Overlord x2  
  48  6:54  Hatchery  
  44  7:09  Ravager x2  
  44  7:10  Ravager  
  47  7:51  Roach x3  
  53  7:55  Evolution Chamber  
  46  8:30  Roach x3  
  46  8:34  Drone x3  
Show
View Real Time Build Order
Export as new Build Order

lllIIlllIIII Protoss - Winner!

Build Orders:  

Get SALT Encoding   

  12  0:00  Probe  
  13  0:12  Probe  
  14  0:17  Pylon  
  14  0:24  Probe  
  15  0:35  Forge  
  15  0:37  Probe  
  16  0:51  Probe  
  16  0:52  Pylon  
  17  1:03  Probe  
  18  1:10  Gateway  
  18  1:20  Probe, Photon Cannon  
  19  1:27  Assimilator  
  19  1:32  Probe  
  20  1:44  Probe  
  20  1:46  Assimilator  
  21  1:49  Gateway  
  21  1:56  Probe  
  22  2:08  Cybernetics Core, Probe  
  22  2:11  Photon Cannon  
  22  2:20  Probe  
  23  2:34  Stalker x2  
  27  3:00  Stalker x2  
  27  3:01  Pylon  
  31  3:27  Stalker x2  
  31  3:32  Shield Battery  
  31  3:54  Stalker x2  
  27  3:57  Pylon  
  31  4:04  Warp Gate  
  31  4:05  Twilight Council  
  31  4:15  Stalker x2  
  33  4:32  Blink  
  33  4:43  Photon Cannon  
  31  4:58  Stalker  
  31  4:59  Stalker  
  31  5:03  Photon Cannon  
  35  5:13  Shield Battery  
  35  5:14  Shield Battery  
  35  5:39  Stalker x2  
  39  6:06  Gateway  
  39  6:08  Gateway  
  39  6:10  Pylon  
  39  6:18  Shield Battery  
  39  6:37  Photon Cannon  
  39  6:39  Shield Battery  
  39  6:44  Shield Battery  
  39  6:45  Stalker  
  41  7:11  Sentry x4  
  49  7:16  Shield Battery x2  
  49  7:41  Stalker x3  
  55  7:54  Pylon  
  55  7:59  Pylon  
  55  8:16  Stalker x2  
  59  8:31  Stalker  
  59  8:32  Stalker  
Tags
 
Add a new tag
Caveats
  • Supply blocks, unpowered buildings, or Contaminate may cause inaccurate times.
  • Supply counts are checked every 10 seconds.